 Dungeon Crawl Stone Soup version 0.29-a0-1019-g84f7d21838 (webtiles) character file.

Game seed: 4231328798335936318

82 gelatine the Firebug (level 4, -1/30 HPs)
             Began as a Demonspawn Fire Elementalist on Aug 10, 2022.
             Killed from afar by an orc wizard (7 damage)
             ... with a magic dart
             ... on level 3 of the Dungeon.
             The game lasted 00:05:20 (2864 turns).

gelatine the Firebug (Demonspawn Fire Elementalist) Turns: 2864, Time: 00:05:21

Health: -1/30      AC:  2    Str:  8    XL:     4   Next: 21%
Magic:  2/7        EV: 12    Int: 18    God:
Gold:   150        SH:  0    Dex: 14    Spells: 5/8 levels left

rFire   . . .      SeeInvis .   d - +0 short sword
rCold   . . .      Faith    .   (no shield)
rNeg    . . .      Spirit   .   a - +0 robe
rPois   .          Reflect  .   (no helmet)
rElec   .          Harm     .   (no cloak)
rCorr   .          Rampage  .   (no gloves)
Will    .....                   (no boots)
Stlth   ++........              (no amulet)
HPRegen 0.10/turn               n - ring of wizardry
MPRegen 0.10/turn               (no ring)

@: no status effects
A: hooves 1, ignite blood 1
a: no special abilities


You were on level 3 of the Dungeon.
You visited 1 branch of the dungeon, and saw 3 of its levels.

You collected 150 gold pieces.

Inventory:

Hand Weapons
 d - a +0 short sword (weapon)
Missiles
 k - 6 silver javelins
Armour
 a - a +0 robe (worn)
Jewellery
 n - a ring of wizardry (left hand)
Scrolls
 e - 2 scrolls of noise {unknown}
 g - a scroll of enchant weapon {unknown}
 h - 2 scrolls of poison {unknown}
 i - 2 scrolls of blinking {unknown}
Potions
 f - 2 potions of attraction
 l - a potion of lignification
 m - a potion of flight


   Skills:
 + Level 0.1 Fighting
 + Level 0.9 Short Blades
 + Level 2.1 Dodging
 + Level 2.1 Stealth
 + Level 2.6 Spellcasting
 + Level 1.9 Conjurations
 + Level 3.3 Fire Magic


You had 5 spell levels left.
You knew the following spells:

 Your Spells              Type           Power      Damage    Failure   Level
a - Foxfire               Conj/Fire      44%        2x1d6     2%          1
b - Scorch                Fire           28%        2d6       2%          2

Your spell library contained the following spells:

 Spells                   Type           Power      Damage    Failure   Level
 Sandblast                Erth           4%         2d4       7%          1
 Conjure Flame            Conj/Fire      11%        6-21      7%          3
 Passwall                 Tmut/Erth      1%         N/A       11%         2
 Inner Flame              Hex/Fire       8%         N/A       11%         3
 Stone Arrow              Conj/Erth      10%        3d7       14%         3
 Flame Wave               Conj/Fire      11%        2d6       22%         4


Dungeon Overview and Level Annotations

Branches:
Dungeon (3/15)

Altars:


Innate Abilities, Weirdness & Mutations

You have large cloven feet.
Your demonic aura sometimes causes spilled blood to erupt in flames.


Message History

You conjure some foxfire!
The orc wizard hits you but does no damage.
You closely miss the orc wizard.
The orc wizard is heavily wounded.
The foxfire hits the orc.
The orc is lightly wounded.
The foxfire hits the orc wizard but does no damage.
The orc wizard is heavily wounded.
The orc wizard misses you. Magic courses through your body.
The orc barely misses you.
The orc wizard hits you with a +0 dagger.
The orc wizard casts a spell at you. The magic dart hits you!
Casting: Foxfire (safe; 2% risk of failure)
Confirm with . or Enter, or press ? or * to list all spells.
Flames lash the orc wizard.
The orc wizard is almost dead.
The orc wizard's fire resistance burns away.
The orc misses you.
The orc wizard hits you with a +0 dagger.
The orc wizard gestures at you while chanting.
The magic dart hits you!
* * * LOW HITPOINT WARNING * * *
Casting: Scorch (safe; 2% risk of failure)
Confirm with . or Enter, or press ? or * to list all spells.
Flames lash the orc.
The orc is almost dead.
The orc's fire resistance burns away.
The orc hits you but does no damage.
The orc wizard hits you with a +0 dagger.
* * * LOW HITPOINT WARNING * * *
Casting: Scorch (safe; 2% risk of failure)
Confirm with . or Enter, or press ? or * to list all spells.
Flames lash the orc wizard.
The orc wizard is almost dead.
The orc wizard's fire resistance burns away.
The orc barely misses you.
The orc wizard hits you but does no damage.
The orc wizard gestures at you while chanting.
The magic dart hits you!
You die...

.. # ##....[#.#.....#
#.#.#. ............
....#.####)....#
#..........))..+
#########....##....###.
....[......#.##........
........#.#.##....####
.............o....####
####........@o†.......
..
..##........o.....####
..
#.##......#.#.........
..
#<##............#.####
..###..#..#.#>####..#.#
.......#....†.........#
.......#..............
....<.................#
............######


You could see 2 orc wizards and an orc (combustible).

Vanquished Creatures
  3 adders
  A worm (D:2)
  A dart slug (D:2)
  3 endoplasms
  5 giant cockroaches
  4 goblins
  5 hobgoblins
  4 jackals
  2 kobolds
  6 ball pythons
  7 bats
  2 frilled lizards
  7 rats
50 creatures vanquished.

Vanquished Creatures (others)
  131 foxfires
131 creatures vanquished.

Grand Total: 181 creatures vanquished

Notes
Turn   | Place    | Note
-------+----------+-------------------------------------------
     0 | D:1      | gelatine the Demonspawn Fire Elementalist began the quest
                  | for the Orb.
     0 | D:1      | Reached XP level 1. HP: 13/13 MP: 3/3
   369 | D:1      | Reached skill level 3 in Fire Magic
   599 | D:1      | Gained mutation: You have large cloven feet. [demonic
                  | ancestry]
   599 | D:1      | Reached XP level 2. HP: 19/19 MP: 3/5
   891 | D:1      | Found a faded altar of an unknown god.
  1552 | D:2      | Reached XP level 3. HP: 24/24 MP: 0/6
  1555 | D:2      | Learned a level 2 spell: Scorch
  2743 | D:3      | Gained mutation: Your demonic aura sometimes causes spilled
                  | blood to erupt in flames. [demonic ancestry]
  2743 | D:3      | Reached XP level 4. HP: 30/30 MP: 3/7
  2864 | D:3      | Killed from afar by an orc wizard

Illustrated notes

Levels and vault maps discovered:
D:1:      shiori_arrival_maze, layout_loops_corners,
          ebering_ecumenical_altar_abandoned, minmay_misc_feat_ornament
D:2:      layout_loops_corners
D:3:      layout_basic, mainiacjoe_overflow_tiny_flanked

Skill      XL: |  1  2  3 |
---------------+----------+-----
Fire Magic     | 3 |  3.3
Stealth        | 2 |  2.1
Dodging        | 2 |  2.1
Fighting       | |  0.1
Short Blades   | |  0.9
Spellcasting   | |  2.6
Conjurations   | |  1.9

Action                   |  1- 3 |  4- 6 || total
-------------------------+-------+-------++-------
Melee: Short sword       |    43 |     1 ||    44
       Kick              |    16 |       ||    16
 Cast: Foxfire           |    72 |    13 ||    85
       Scorch            |       |     3 ||     3
  Use: Scroll            |     4 |       ||     4
       Potion            |       |     1 ||     1
Armor: Robe              |    13 |     3 ||    16
Dodge: Dodged            |    41 |     6 ||    47

Table legend: (Time is in decaauts)
 A = Elapsed time spent in this place.
 B = Non-inter-level travel time spent in this place.
 C = Inter-level travel time spent in this place.
 D = Time resting spent in this place.
 E = Time spent auto-exploring this place.
 F = Levels seen in this place.
 G = Mean time per level.
                   A        B        C        D        E       F      G
               +--------+--------+--------+--------+--------+-----+--------+
         Total |   2866 |   2756 |    110 |     52 |   2371 |   3 |  955.3 |
       Dungeon |   2866 |   2756 |    110 |     52 |   2371 |   3 |  955.3 |
               +--------+--------+--------+--------+--------+-----+--------+

Top non-repeatable levels by time:
     D:2: 1386 daAuts
     D:1: 1282 daAuts
     D:3: 197 daAuts
